 Dungeon Crawl Stone Soup version 0.23.0-3-gf3c87f2df8 (webtiles) character file.

Game seed: 6083506119504672341

44 Ivernyr the Changer (level 3, 0/17 HPs)
             Began as a Vine Stalker Transmuter on Feb 21, 2019.
             Succumbed to an adder's poison
             ... on level 2 of the Dungeon.
             The game lasted 00:03:12 (1320 turns).

Ivernyr the Changer (Vine Stalker Transmuter)       Turns: 1320, Time: 00:03:12

Health: 0/17       AC:  2    Str: 12    XL:     3   Next: 60%
Magic:  2/7        EV: 12    Int: 14    God:
Gold:   29         SH:  0    Dex: 14    Spells: 0/6 levels left

rFire    . . .     SeeInvis .     - Unarmed
rCold    . . .     Gourm    .   (no shield)
rNeg     . . .     Faith    .   b - +0 robe
rPois    .         Spirit   +   (no helmet)
rElec    .         Reflect  .   (no cloak)
rCorr    .         Harm     .   (no gloves)
MR       .....                  (no boots)
Stlth    +.........             (no amulet)
HPRegen  0.05/turn              (no ring)
MPRegen  0.10/turn              (no ring)

@: lethally poisoned (0 -> -12)
A: fangs 2, magic shield, antimagic bite, no potion heal 3, rot immunity
a: no special abilities


You were on level 2 of the Dungeon.
You were hungry.

You visited 1 branch of the dungeon, and saw 2 of its levels.

You collected 29 gold pieces.

Inventory:

Missiles
 a - 36 arrows
Armour
 b - a +0 robe (worn)
Scrolls
 c - 2 scrolls of blinking {unknown}
Comestibles
 d - 5 rations


   Skills:
 - Level 0.8 Fighting
 - Level 1.5 Dodging
 - Level 3.0 Unarmed Combat
 - Level 2.1 Spellcasting
 + Level 3.9 Transmutations


You couldn't memorise any spells.
You knew the following spells:

 Your Spells              Type           Power        Failure   Level  Hunger
a - Beastly Appendage     Tmut           ##....       4%          1    #......
b - Sticks to Snakes      Tmut           ##......     7%          2    ###....
c - Spider Form           Tmut/Pois      #.........   30%         3    ###....

Your spell library contained the following spells:

 Spells                   Type           Power        Failure   Level  Hunger
 Ice Form                 Ice/Tmut       #.......     71%         4    #####..
 Blade Hands              Tmut           ##........   78%         5    ######.


Dungeon Overview and Level Annotations

Branches:
Dungeon (2/15)

Altars:


Innate Abilities, Weirdness & Mutations

You have extremely sharp teeth.
When hurt, damage is shared between your health and your magic reserves.
Your bite disrupts and absorbs the magic of your enemies.
Potions cannot restore your health.
You are immune to rotting.


Message History

You miss the adder. Your bite misses the adder.
The adder is moderately wounded.
You are feeling hungry.
The adder completely misses you.
You barely miss the adder.
The adder is moderately wounded.
* * * LOW HITPOINT WARNING * * *
You feel sick. The adder misses you.
You hit the adder but do no damage.
The adder is moderately wounded.
The adder misses you.
You barely miss the adder. Your bite misses the adder.
The adder is moderately wounded.
The adder bites you.
* * * LOW HITPOINT WARNING * * *
You are more poisoned.
The adder poisons you!
You barely miss the adder.
The adder is moderately wounded.
You die...

## #........# .#######
#........# .......#
#........# .[.....#
#........# .......#
.......+ .......#
.....#### .#'#+###
#+#S[.<..# .#...#
#...@..#.###
.#.#.########.##........
##..#...................
#..#.#######.##....####
###.#.# #.##...#... #
#.#.# #.########.# #
#.#.# #.# # #<..# #.#
###.#######.#


You could see an adder.

Vanquished Creatures
  A shadow imp (D:2)
  An ooze (D:2)
  A worm (D:2)
  A dart slug (D:1)
  2 bats
  2 goblins
  7 jackals
  8 kobolds
  4 rats
27 creatures vanquished.

Notes
Turn   | Place    | Note
-------+----------+-------------------------------------------
     0 | D:1      | Ivernyr the Vine Stalker Transmuter began the quest for the
                  | Orb.
     0 | D:1      | Reached XP level 1. HP: 9/9 MP: 4/4
   412 | D:1      | Reached XP level 2. HP: 9/14 MP: 6/6
   519 | D:1      | Learned a level 2 spell: Sticks to Snakes
  1006 | D:1      | You fall through a shaft!
  1030 | D:2      | Reached XP level 3. HP: 6/17 MP: 3/7
  1050 | D:2      | Learned a level 3 spell: Spider Form
  1320 | D:2      | Succumbed to an adder's poison

Skill      XL: |  1  2 |
---------------+-------+-----
Transmutations | 3 |  3.9
Fighting       | |  0.8
Dodging        | |  1.5
Unarmed Combat | |  3.0
Spellcasting   | |  2.1

Action                   || total
-------------------------++-------
Melee: Unarmed           ||    90
       Bite              ||    16
       Kick              ||     9
       Headbutt          ||     1
 Cast: Beastly Appendage ||     4
       Spider Form       ||     1
  Eat: Chunk             ||     1
Armor: Robe              ||    13
Dodge: Dodged            ||    45
